AoeStats
← AiM | CyclopsTron

Lombardia

507622526Analyzed
4v4 RM · 12d ago on Sep 19, 2026· 20m 52s· 8 players
Game mode
Random Map
Map size
Large (8 player)
Population
200
Speed
Normal
Resources
Standard
Victory
Conquest
Starting age
Dark Age
Ending age
Imperial Age
RankedLock teamsTeams togetherTeam positionsShared explorationLock speedFull tech treeHidden civsTurbo modeCheats
Victory
Defeat
🇨🇱 Dravidians · Chile
1823
+7
🇨🇱 Persians · Chile
1811
+8
🇨🇱 Khitans · Chile
1672
+13
🇨🇱 Khmer · Chile
1599
+15
🇲🇽 Hindustanis · Mexico
1696
-14
🇵🇪 Armenians · Peru
1687
-14
🇦🇷 Saracens · Argentina
1513
-8
🇦🇷 Ethiopians · Argentina
1511
-7
GB | Renzo
5:38 Loom
9:38 Feudal Age
10:02 Man-at-Arms
11:20 Double-Bit Axe
11:55 Long Swordsman
16:20 Pikeman
20:00 Wheelbarrow
20:16 Horse Collar
GABO
9:06 Feudal Age
9:21 Loom
10:49 Double-Bit Axe
13:16 Fletching
14:01 Padded Archer Armor
TQLeo
6:02 Loom
8:55 Feudal Age
9:32 Double-Bit Axe
14:52 Wheelbarrow
18:54 Horse Collar
23:04 Castle Age
AiM | CyclopsTron
5:06 Loom
8:32 Feudal Age
9:04 Double-Bit Axe
23:05 Castle Age
CL | Inkisidor_
6:13 Loom
8:45 Feudal Age
11:29 Fletching
watoncito
10:31 Feudal Age
9:11 Loom
15:01 Castle Age
12:54 Horse Collar
15:00 Scale Barding Armor
[CL] El Sin Manos
8:39 Feudal Age
8:27 Loom
9:38 Horse Collar
9:44 Double-Bit Axe
16:59 Scale Barding Armor
[CL]Jupy
8:57 Feudal Age
8:27 Loom
9:30 Double-Bit Axe
11:33 Forging
14:28 Scale Barding Armor
14:38 Domestication
20:15 Wheelbarrow
22:41 Castle Age
Connection lost

Rejoining the realm…

Still unreachable

The connection could not be restored.

Session expired

The server has moved on; the page needs a fresh start.